 Dungeon Crawl Stone Soup version 0.29-a0-982-gaed3a0c8d8 (webtiles) character file.

Game seed: 15257723110576339219

7937 123456 the Thaumaturge (level 11, -5/74 HPs)
             Began as a Purple Draconian Earth Elementalist on July 10, 2022.
             Was a Believer of Vehumet.
             Slain by a hellwing (12 damage)
             ... on level 9 of the Dungeon on Aug 2, 2022.
             The game lasted 00:24:42 (15190 turns).

123456 the Thaumaturge (DrEE)                      Turns: 15190, Time: 00:24:42

Health: -5/74      AC: 10    Str: 11    XL:     11   Next: 3%
Magic:  3/25       EV: 17    Int: 24    God:    Vehumet [**....]
Gold:   457        SH:  0    Dex: 13    Spells: 17/31 levels left

rFire   . . .      SeeInvis .   E - +1 rapier
rCold   . . .      Faith    .   (no shield)
rNeg    . . .      Spirit   .   (body armour unavailable)
rPois   .          Reflect  .   (helmet restricted)
rElec   .          Harm     .   B - scarf {repulsion}
rCorr   .          Rampage  .   (no gloves)
Will    +....                   N - +2 pair of boots
Stlth   ++........              L - amulet of magic regeneration
HPRegen 0.22/turn               F - +6 ring of intelligence
MPRegen 0.59/turn               Q - +4 ring of evasion

@: repel missiles
A: breathe power, AC +7, unfitting armour, cold-blooded, antennae 1, stinger 1,
sense surroundings 1
a: Breathe Dispelling Energy, Renounce Religion


You were on level 9 of the Dungeon.
You worshipped Vehumet.
Vehumet was pleased with you.
You visited 2 branches of the dungeon, and saw 11 of its levels.
You also visited: Sewer and Ossuary.

You collected 457 gold pieces.

Inventory:

Hand Weapons
 d - a +2 short sword
 p - a +1 short sword of speed
 E - a +1 rapier (weapon)
Armour
 B - a scarf of repulsion (worn)
 N - a +2 pair of boots (worn)
Jewellery
 b - an amulet of guardian spirit
 j - a +4 ring of protection
 l - a ring of see invisible
 m - a ring of poison resistance
 n - an amulet of faith
 F - a +6 ring of intelligence (left hand)
 L - an amulet of magic regeneration (around neck)
 M - a ring of willpower
 Q - a +4 ring of evasion (right hand)
 S - a ring of willpower
Wands
 c - a wand of quicksilver (10)
 f - a wand of digging (7)
 D - a wand of polymorph (6)
 P - a wand of paralysis (12)
 R - a wand of flame (23)
Scrolls
 e - 4 scrolls of enchant armour
 i - 3 scrolls of poison
 q - 7 scrolls of teleportation
 r - 2 scrolls of amnesia
 v - a scroll of blinking
 w - 2 scrolls of noise
 y - 4 scrolls of fear
 z - a scroll of silence {unknown}
 C - a scroll of magic mapping {unknown}
 G - a scroll of immolation {unknown}
Potions
 a - 3 potions of magic
 g - a potion of brilliance {unknown}
 h - 2 potions of invisibility
 k - a potion of flight {unknown}
 o - 7 potions of haste
 s - 2 potions of cancellation {unknown}
 t - 4 potions of degeneration {unknown}
 u - a potion of might {unknown}
 x - 3 potions of curing {unknown}
 A - 5 potions of lignification
 H - a potion of berserk rage {unknown}
 I - 2 potions of resistance {unknown}
 K - a potion of ambrosia {unknown}


   Skills:
 - Level 4.0 Dodging
 - Level 4.0 Stealth
 + Level 10.9 Spellcasting
 * Level 7.9 Conjurations
 - Level 1.0 Transmutations
 * Level 10.8 Earth Magic


You had 17 spell levels left.
You knew the following spells:

 Your Spells              Type           Power      Damage    Failure   Level
a - Sandblast             Erth           100%       2d20      1%          1
b - Stone Arrow           Conj/Erth      100%       3d13      1%          3
c - Poisonous Vapours     Pois/Air       26%        N/A       8%          2
d - Lehudib's Crystal Sp  Conj/Erth      27%        10d7      100%        8

Your spell library contained the following spells:

 Spells                   Type           Power      Damage    Failure   Level
 Dazzling Flash           Conj/Hex       64%        N/A       2%          3
 Passwall                 Tmut/Erth      34%        N/A       1%          2
 Lee's Rapid Deconstruct  Erth           30%        3d17*     1%          5
 Petrify                  Tmut/Erth      41%        N/A       4%          4
 Sublimation of Blood     Necr           13%        N/A       8%          2
 Fulminant Prism          Conj/Hex       16%        3d11      10%         4
 Iskenderun's Mystic Bla  Conj/Tloc      32%        2d8       10%         4
 Irradiate                Conj/Tmut      17%        3d17      22%         5
 Corpse Rot               Necr/Pois/Air  13%        N/A       43%         4
 Animate Armour           Summ/Erth      Unusable   N/A       N/A         4

Dungeon Overview and Level Annotations

Branches:
Dungeon (10/15)            Temple (1/1) D:5            Lair (0/6) D:8
  Sewer (visited)         Ossuary (visited)
    Orc: D:9-12

Altars:
Ashenzari
Cheibriados
Dithmenos
Elyvilon
Fedhas
Gozag
Hepliaklqana
Kikubaaqudgha
Makhleb
Nemelex Xobeh
Okawaru
Qazlal
Ru
Sif Muna
Trog
Uskayaw
Vehumet
Wu Jian
Xom
Yredelemnul
Zin
The Shining One

Shops:
D:7 *


Innate Abilities, Weirdness & Mutations

You can breathe bolts of dispelling energy.
Your rich purple scales are hard. (AC +7)
You cannot fit into any form of body armour.
You are cold-blooded and may be slowed by cold attacks.
You have a pair of small antennae on your head.
Your tail ends in a venomous barb.
You passively map a small area around you.


Message History

* * * LOW HITPOINT WARNING * * *
The hellwing completely misses you.
You feel much better. The hellwing hits you!
* * * LOW HITPOINT WARNING * * *
The hellwing hits you but does no damage.
Casting: Stone Arrow (safe; 1% risk of failure)
Confirm with . or Enter, or press ? or * to list all spells.
Aiming: Stone Arrow (safe; 1% risk of failure)
Press: ? - help, Shift-Dir - straight line, f - hellwing
Aim: a hellwing (lightly wounded, 78% to hit)
The stone arrow hits the hellwing.
The hellwing is lightly wounded.
The hellwing completely misses you.
The hellwing hits you but does no damage.
Casting: Stone Arrow (safe; 1% risk of failure)
Confirm with . or Enter, or press ? or * to list all spells.
Aiming: Stone Arrow (safe; 1% risk of failure)
Press: ? - help, Shift-Dir - straight line, f/p - hellwing
Aim: a hellwing (lightly wounded, 78% to hit)
The stone arrow misses the hellwing.
The hellwing closely misses you. The hellwing barely misses you.
Unknown command.
Aiming: Sandblast (safe; 1% risk of failure)
Press: ? - help, Q - select action, (/) - cycle Shift-Dir - straight line, f/p - hellwing
Aim: a hellwing (lightly wounded, 85% to hit)
The blast of sand hits the hellwing.
The hellwing is lightly wounded.
The hellwing closely misses you. The hellwing hits you.
* * * LOW HITPOINT WARNING * * *
The hellwing hits you!
* * * LOW HITPOINT WARNING * * *
The hellwing hits you but does no damage.
Aiming: Sandblast (safe; 1% risk of failure)
Press: ? - help, Q - select action, (/) - cycle Shift-Dir - straight line, f/p - hellwing
Aim: a hellwing (lightly wounded, 85% to hit)
The blast of sand hits the hellwing.
The hellwing is lightly wounded.
The hellwing hits you but does no damage. x2
The hellwing hits you!
You die...

###.## ##.#.......# #.......#§
#..# ##..##.....## ##.......#.
##.######....##.....###........#.
#....##.......#.............#..#.
..........###..............##..#.
......###.# ##.....#####....##..#
....####..# ##....#####....##)..
..### #..# ##................##
...#####..####..@†...........###.
......##..##...##4.####..........
..#...........###...###..........
..##.....))..>##.....##.........#
.####....<#..†...##......##....##
## #.....#.....#####....###..##
.## #.....##...## ###...####># #
..####.....#....####..........###
#..###.....#.....................


You could see a hellwing.

Vanquished Creatures
  2 two-headed ogres (D:9)
  2 komodo dragons
  2 hornets (D:9)
  Prince Ribbit (D:4)
  Sigmund (D:4)
  A wraith (Ossuary)
  9 yaks
  Eustachio (D:5)
  A chaos spawn (D:9)
  3 steam dragons
  Menkaure (D:7)
  Duvessa (D:5)
  An ice beast (D:6)
  2 sky beasts (D:8)
  2 black bears
  2 orc warriors
  2 centaurs
  A phantom (D:7)
  2 kobold brigands
  3 bullfrogs
  3 necrophages (D:5)
  2 scorpions (D:6)
  A gnoll sergeant (D:8)
  Dowan (D:5)
  6 killer bees (D:8)
  4 howler monkeys (D:9)
  2 quasits (D:9)
  9 hounds
  2 human zombies (Ossuary)
  A jelly (D:6)
  5 orc priests
  7 orc wizards
  Ijyb (D:5)
  3 mummies (Ossuary)
  6 gnolls
  10 river rats
  11 adders
  2 shadow imps
  A white imp (D:7)
  An ufetubus (D:4)
  A dart slug (D:1)
  31 orcs
  7 endoplasms
  6 hobgoblins
  4 jackals (D:1)
  24 kobolds
  3 quokkas
  13 ball pythons
  4 bats
  5 frilled lizards
  7 goblins
  3 goblin zombies (Ossuary)
  A hobgoblin zombie (Ossuary)
  3 kobold zombies (Ossuary)
  15 rats
245 creatures vanquished.

Vanquished Creatures (others)
  A demonic plant (D:10)
  14 plants (D:8)
15 creatures vanquished.

Grand Total: 260 creatures vanquished

Notes
Turn   | Place    | Note
-------+----------+-------------------------------------------
     0 | D:1      | 123456 the Draconian Earth Elementalist began the quest for
                  | the Orb.
     0 | D:1      | Reached XP level 1. HP: 14/14 MP: 3/3
   427 | D:1      | Reached XP level 2. HP: 4/20 MP: 0/5
  1286 | D:1      | Reached XP level 3. HP: 26/26 MP: 4/6
  1495 | D:2      | Learned a level 3 spell: Stone Arrow
  2432 | D:3      | Reached XP level 4. HP: 33/33 MP: 6/8
  2484 | D:3      | You fall into a shaft and drop 1 floor!
  2523 | D:4      | Noticed Sigmund
  2576 | D:3      | Found a faded altar of an unknown god.
  2707 | D:3      | Reached skill level 1 in Conjurations
  2714 | D:3      | Found a glowing drain.
  2750 | Sewer    | Entered a sewer
  2799 | Sewer    | Reached XP level 5. HP: 28/38 MP: 1/9
  3479 | Sewer    | Reached XP level 6. HP: 28/45 MP: 4/11
  4707 | D:4      | Identified the +1 scale mail of Painted Mirth {rC+}
  4857 | D:4      | Killed Sigmund
  4858 | D:4      | Reached skill level 5 in Earth Magic
  4858 | D:4      | Your scales start taking on a rich purple colour.
  4858 | D:4      | Reached XP level 7. HP: 50/50 MP: 2/14
  5275 | D:5      | Entered Level 5 of the Dungeon
  5281 | D:5      | Reached skill level 5 in Spellcasting
  5295 | D:5      | Noticed Prince Ribbit
  5296 | D:5      | Noticed Duvessa
  5296 | D:5      | Noticed Dowan
  5313 | D:5      | Upgraded the game from 0.29-a0-824-gd827844252 to
                  | 0.29-a0-892-g2c4c91d9db
  5560 | D:4      | Killed Prince Ribbit
  5906 | D:5      | Killed Duvessa
  5909 | D:5      | Killed Dowan
  6148 | D:5      | Found a staircase to the Ecumenical Temple.
  6162 | Temple   | Entered the Ecumenical Temple
  6418 | Temple   | Became a worshipper of Vehumet
  6613 | D:5      | Learned a level 2 spell: Poisonous Vapours
  6698 | D:5      | Noticed a yak
  6699 | D:5      | Noticed a yak
  6699 | D:5      | Noticed a yak
  6701 | D:5      | Noticed a yak
  6705 | D:5      | Killed a yak
  6706 | D:5      | Reached XP level 8. HP: 54/57 MP: 5/17
  6736 | D:5      | HP: 1/57 [yak (5)]
  7227 | D:5      | Noticed Ijyb
  7232 | D:5      | Killed Ijyb
  7327 | D:5      | Noticed Eustachio
  7330 | D:5      | Killed Eustachio
  7626 | D:5      | Gained mutation: You occasionally lose the ability to read
                  | scrolls when taking damage. [potion of mutation]
  7626 | D:5      | Gained mutation: You have very sharp teeth. [potion of
                  | mutation]
  7627 | D:5      | Lost mutation: You occasionally lose the ability to read
                  | scrolls when taking damage. [potion of mutation]
  7627 | D:5      | Lost mutation: You have very sharp teeth. [potion of
                  | mutation]
  7627 | D:5      | Gained mutation: You occasionally lose the ability to read
                  | scrolls when taking damage. [potion of mutation]
  7627 | D:5      | Gained mutation: Your flesh is heat resistant. (rF+)
                  | [potion of mutation]
  7628 | D:5      | Lost mutation: You occasionally lose the ability to read
                  | scrolls when taking damage. [potion of mutation]
  7628 | D:5      | Lost mutation: Your flesh is heat resistant. (rF+) [potion
                  | of mutation]
  7628 | D:5      | Gained mutation: You are strong-willed. (Will+) [potion of
                  | mutation]
  7628 | D:5      | Gained mutation: You are clumsy. (Dex -2) [potion of
                  | mutation]
  7628 | D:5      | Gained mutation: Your tail ends in a venomous barb. [potion
                  | of mutation]
  8095 | D:6      | Reached XP level 9. HP: 59/62 MP: 10/20
  8176 | D:6      | Found a shimmering altar of Xom.
  8202 | D:6      | Found a sand-covered staircase.
  8244 | Ossuary  | Entered an ossuary
  8347 | Ossuary  | Reached * piety under Vehumet
  8347 | Ossuary  | Offered knowledge of Freeze by Vehumet.
  8632 | Ossuary  | Upgraded the game from 0.29-a0-892-g2c4c91d9db to
                  | 0.29-a0-919-gd064cfad1c
  9155 | D:6      | Learned a level 8 spell: Lehudib's Crystal Spear
  9515 | D:5      | Upgraded the game from 0.29-a0-919-gd064cfad1c to
                  | 0.29-a0-982-gaed3a0c8d8
 10163 | D:7      | Reached skill level 5 in Conjurations
 10278 | D:7      | Found Tuotizo's Serpentskin Sales.
 10296 | D:7      | Noticed Menkaure
 10299 | D:7      | Killed Menkaure
 10871 | D:7      | Reached XP level 10. HP: 44/69 MP: 2/23
 11365 | D:8      | Reached skill level 10 in Spellcasting
 11896 | D:8      | Reached ** piety under Vehumet
 11897 | D:8      | Offered knowledge of Scorch by Vehumet.
 12032 | D:8      | Identified the +3 spear of the Salmon {flame, rElec rPois
                  | Int-5 SInv}
 12416 | D:8      | Found a staircase to the Lair.
 13180 | D:9      | Lost mutation: Your tail ends in a venomous barb. [potion
                  | of mutation]
 13180 | D:9      | Lost mutation: You are strong-willed. (Will+) [potion of
                  | mutation]
 13180 | D:9      | Gained mutation: Your mind is acute. (Int +4, Str/Dex -1)
                  | [potion of mutation]
 13180 | D:9      | Gained mutation: Your skin changes colour to match your
                  | surroundings (Stealth+). [potion of mutation]
 13258 | D:9      | Lost mutation: Your skin changes colour to match your
                  | surroundings (Stealth+). [potion of mutation]
 13258 | D:9      | Lost mutation: Your mind is acute. (Int +4, Str/Dex -1)
                  | [potion of mutation]
 13258 | D:9      | Lost mutation: You are clumsy. (Dex -2) [potion of
                  | mutation]
 13258 | D:9      | Gained mutation: Your tail ends in a venomous barb. [potion
                  | of mutation]
 13258 | D:9      | Gained mutation: You passively map a small area around you.
                  | [potion of mutation]
 13258 | D:9      | Gained mutation: You have a pair of small antennae on your
                  | head. [potion of mutation]
 13470 | D:9      | Noticed a two-headed ogre
 13477 | D:9      | Killed a two-headed ogre
 13478 | D:9      | Reached skill level 10 in Earth Magic
 13509 | D:9      | Noticed a two-headed ogre
 13513 | D:9      | Killed a two-headed ogre
 14424 | D:10     | Entered Level 10 of the Dungeon
 14634 | D:9      | Offered knowledge of Dazzling Flash by Vehumet.
 14636 | D:9      | Paralysed by a hornet for 3 turns
 15183 | D:9      | Reached XP level 11. HP: 46/74 MP: 14/25
 15190 | D:9      | Slain by a hellwing

Illustrated notes

Levels and vault maps discovered:
D:1:      saegor_arrival_simple_c, layout_basic, minmay_shallow_snake_nest
D:2:      layout_loops_ring, serial_aquarium, aquarium_bridge_straight
          [aquarium_subvault_bridge, aquarium_subvault_balcony,
          aquarium_subvault_bridge, aquarium_subvault_window],
          aquarium_bridge_straight [aquarium_subvault_bridge,
          aquarium_subvault_wall, aquarium_subvault_bridge,
          aquarium_subvault_wall], aquarium_window_fake, aquarium_window_fake,
          aquarium_view_2d
D:3:      layout_loops_ring, portal_sewer_entry_b,
          dreamdust_ecumenical_altar_statues
D:4:      layout_gridville, uniq_sigmund
D:5:      layout_loops_ring, minmay_temple_entry_tees, cheibrodos_gnoll_hut,
          uniq_eustachio, uniq_duvessa, uniq_prince_ribbit1, uniq_ijyb
D:6:      layout_cave_pods, kennysheep_mini_moat, nicolae_ossuary_entry_ruins,
          nicolae_elevator_lobby_asterisk
D:7:      layout_cave_pods, guppyfry_shop_venom, uniq_menkaure
D:8:      layout_layer_cave, david_lair_shrubbed, kennysheep_generic_room_15
D:9:      layout_layer_cave, minivault_21, nicolae_eternal_life,
          minmay_misc_feat_columns
D:10:     layout_layer_cave, serial_demonic, serial_demonic_d, serial_demonic_a,
          serial_demonic_a, serial_demonic_f, serial_demonic_c,
          minmay_fire_ice_demons, uniq_nergalle
Temple:   mainiacjoe_temple_hex_bubbles

Skill      XL: |  1  2  3  4  5  6  7  8  9 10 |
---------------+-------------------------------+-----
Dodging        | 2 3 4 |  4.0
Stealth        | 2 3 4 |  4.0
Spellcasting   | 3 4 6 7 9 10 | 10.9
Conjurations   | 1 2 3 4 5 7 |  7.9
Earth Magic    | 4 5 7 9 10 | 10.8
Transmutations | |  1.0

Action                   |  1- 3 |  4- 6 |  7- 9 | 10-12 || total
-------------------------+-------+-------+-------+-------++-------
Melee: Dagger            |    20 |       |       |       ||    20
       Short sword       |    22 |    25 |    23 |       ||    70
       Tailslap          |     1 |     4 |     6 |     1 ||    12
       Punch             |     1 |     1 |     1 |       ||     3
       Rapier            |       |       |    20 |     2 ||    22
 Cast: Sandblast         |    57 |   124 |   118 |    69 ||   368
       Stone Arrow       |       |     4 |    72 |    58 ||   134
       Poisonous Vapours |       |       |     1 |     1 ||     2
 Abil: Breathe Dispellin |       |       |     4 |       ||     4
  Use: Scroll            |     6 |     1 |     7 |     3 ||    17
       Potion            |       |       |     6 |     4 ||    10
Armor: Skin              |    37 |    85 |   102 |    88 ||   312
Dodge: Dodged            |    63 |   165 |   175 |   204 ||   607
       Repelled          |       |       |     5 |       ||     5

Table legend: (Time is in decaauts)
 A = Elapsed time spent in this place.
 B = Non-inter-level travel time spent in this place.
 C = Inter-level travel time spent in this place.
 D = Time resting spent in this place.
 E = Time spent auto-exploring this place.
 F = Levels seen in this place.
 G = Mean time per level.
                   A        B        C        D        E       F      G
               +--------+--------+--------+--------+--------+-----+--------+
         Total |  15612 |  15292 |    320 |   4062 |   8993 |  13 | 1200.9 |
       Dungeon |  13086 |  12803 |    283 |   3525 |   7500 |  10 | 1308.6 |
        Temple |    274 |    237 |     37 |      0 |    231 |   1 |  274.0 |
         Sewer |   1501 |   1501 |      0 |    308 |    893 |   1 | 1501.0 |
       Ossuary |    750 |    750 |      0 |    229 |    369 |   1 |  750.0 |
               +--------+--------+--------+--------+--------+-----+--------+

Top non-repeatable levels by time:
     D:9: 2247 daAuts
     D:8: 1981 daAuts
     D:5: 1863 daAuts
     D:4: 1760 daAuts
     D:1: 1519 daAuts
   Sewer: 1501 daAuts
     D:6: 1012 daAuts
     D:7: 1000 daAuts
     D:3: 847 daAuts
     D:2: 844 daAuts
 Ossuary: 750 daAuts
  Temple: 274 daAuts
    D:10: 10 daAuts
